 Dungeon Crawl Stone Soup version 0.28-a0-1624-g820543e53a (webtiles) character file.

Game seed: 7190790833002764905

445 HallandMoats the Skirmisher (level 7, -3/61 HPs)
             Began as a Ghoul Fighter on Jan 24, 2022.
             Was a Believer of Okawaru.
             Slain by a wight (8 damage)
             ... on level 5 of the Dungeon.
             The game lasted 00:03:43 (3689 turns).

HallandMoats the Skirmisher (Ghoul Fighter)         Turns: 3689, Time: 00:03:44

Health: -3/61      AC:  6    Str: 20    XL:     7   Next: 3%
Magic:  6/8        EV:  9    Int:  5    God:    Okawaru [**....]
Gold:   194        SH:  4    Dex:  8    Spells: 6/6 levels left

rFire   . . .      SeeInvis .   a - +0 trident
rCold   + . .      Faith    .   c - +0 buckler
rNeg    + + +      Spirit   .   b - +0 scale mail
rPois   ∞          Reflect  .   (no helmet)
rElec   .          Harm     .   (no cloak)
rCorr   .          Rampage  .   (no gloves)
Will    .....                   (no boots)
Stlth   ..........              (no amulet)
HPRegen 0.00/turn               (no ring)
MPRegen 0.11/turn               (no ring)

@: mighty, inhibited regen
A: claws 1, cold resistance 1, negative energy resistance 3, inhibited
regeneration, torment resistance 2
a: Renounce Religion, Heroism


You were on level 5 of the Dungeon.
You worshipped Okawaru.
Okawaru was pleased with you.
You visited 1 branch of the dungeon, and saw 5 of its levels.

You collected 194 gold pieces.

Inventory:

Hand Weapons
 a - a +0 trident (weapon)
Armour
 b - a +0 scale mail (worn)
 c - a +0 buckler (worn)
Scrolls
 f - a scroll of fear
 g - a scroll of noise {unknown}
 h - a scroll of blinking {unknown}
 i - 2 scrolls of identify {unknown}
 m - a scroll of teleportation {unknown}
 o - 2 scrolls of enchant armour {unknown}
Potions
 e - 2 potions of curing {unknown}
 j - 2 potions of attraction {unknown}
 k - a potion of resistance {unknown}
 l - a potion of heal wounds {unknown}
 n - a potion of magic {unknown}
 p - a potion of lignification {unknown}


   Skills:
 * Level 5.2 Fighting
 - Level 1.7 Polearms
 + Level 3.6 Armour
 + Level 2.1 Dodging
 + Level 3.7 Shields
 * Level 3.6 Invocations


You had 6 spell levels left.
You didn't know any spells.
Your spell library was empty.

Dungeon Overview and Level Annotations

Branches:
Dungeon (5/15)             Temple (0/1) D:4

Altars:
Cheibriados
Nemelex Xobeh
Okawaru
Ru

Annotations:
D:4 2 transporters, dolemite99's ghost, novice MfCK


Innate Abilities, Weirdness & Mutations

You thrive by killing the living.
You are immune to poison.
You have sharp fingernails.
Your flesh is cold resistant. (rC+)
You are immune to negative energy. (rN+++)
You do not regenerate when monsters are visible.
You are immune to unholy pain and torment.


Message History

Press: ? - help, Dir - move target, f/p - wight
Aim: a wight, wielding a +3 morningstar and wearing a +0 robe (severely damaged, about 37% to evade your +0 trident)
You hit the wight but do no damage.
The wight is severely damaged.
The wight completely misses you.
The wight hits you from afar with a +4 spear!
The wight completely misses you.
Reach: a) +0 trident
Press: ? - help, Dir - move target, f/p - wight
Aim: a wight, wielding a +3 morningstar and wearing a +0 robe (severely damaged, about 37% to evade your +0 trident)
You barely miss the wight.
The wight is severely damaged.
The wight hits you from afar with a +1 vorpal spear.
The wight hits you from afar with a +4 spear!
* * * LOW HITPOINT WARNING * * *
You block the wight's attack.
Reach: a) +0 trident
Press: ? - help, Dir - move target, f/p - wight
Aim: a wight, wielding a +3 morningstar and wearing a +0 robe (severely damaged, about 37% to evade your +0 trident)
You hit the wight.
The wight is severely damaged.
The wight hits you from afar with a +4 spear.
* * * LOW HITPOINT WARNING * * *
The wight barely misses you.
Reach: a) +0 trident
Press: ? - help, Dir - move target, f/p - wight
Aim: a wight, wielding a +3 morningstar and wearing a +0 robe (severely damaged, about 37% to evade your +0 trident)
You hit the wight but do no damage.
The wight is severely damaged.
The wight barely misses you. You block the wight's attack.
The wight hits you with a +3 morningstar!
* * * LOW HITPOINT WARNING * * *
Unknown command.
You feel like a meek peon again.
As you read the scroll labelled DANYXTEFUA, it crumbles to dust.
You assume a fearsome visage.
The wight is unaffected. x3
It was a scroll of fear.
The wight closely misses you.
You feel very mighty all of a sudden.
The wight hits you with a +3 morningstar!
You die...

#....# .....# #.....# .....#
#.....# .....## #.....# ......#
#.....# ......#
#...#.....############
...######...#..................
...#........#...................
...#.^......#...@...............#
...#........#...z...............#
...#........+.z.................#
...#........#z..................#
...########÷....................#
.........))########.............#
...........# #.............#
...........# ###.##........#
...........# ##...##.......#


You could see 3 wights.

Vanquished Creatures
  A black bear (D:5)
  A scorpion (D:4)
  A wight (D:5)
  A gnoll shaman (D:5)
  3 iguanas
  3 gnolls (D:5)
  5 adders
  4 worms
  A dart slug (D:1)
  An orc (D:3)
  5 endoplasms
  4 giant cockroaches
  7 goblins
  2 hobgoblins (D:3)
  2 jackals (D:3)
  8 kobolds
  4 quokkas
  6 ball pythons
  4 bats
  3 frilled lizards (D:2)
  4 rats
70 creatures vanquished.

Notes
Turn   | Place    | Note
-------+----------+-------------------------------------------
     0 | D:1      | HallandMoats the Ghoul Fighter began the quest for the Orb.
     0 | D:1      | Reached XP level 1. HP: 19/19 MP: 0/0
    53 | D:1      | Reached XP level 2. HP: 19/26 MP: 1/1
   636 | D:1      | Found a faded altar of an unknown god.
   728 | D:1      | Prayed at the altar of an unknown god.
   728 | D:1      | Became a worshipper of Warmaster Okawaru
   728 | D:1      | Reached * piety under Okawaru
   823 | D:2      | Reached XP level 3. HP: 33/33 MP: 2/2
  1081 | D:2      | Reached skill level 4 in Fighting
  1081 | D:2      | Reached skill level 1 in Dodging
  1081 | D:2      | Reached skill level 1 in Invocations
  1294 | D:2      | Reached XP level 4. HP: 32/40 MP: 3/3
  1575 | D:3      | Found a snail-covered altar of Cheibriados.
  2138 | D:3      | Reached ** piety under Okawaru
  2139 | D:3      | Reached XP level 5. HP: 35/47 MP: 5/5
  2625 | D:4      | Found a staircase to the Ecumenical Temple.
  2752 | D:4      | Found a transporter.
  2753 | D:4      | Noticed a centaur
  2754 | D:4      | Noticed a necrophage
  2757 | D:4      | Noticed dolemite99's ghost (novice MfCK)
  2770 | D:4      | Found a transporter.
  2773 | D:4      | Reached XP level 6. HP: 45/53 MP: 7/7
  3211 | D:5      | Entered Level 5 of the Dungeon
  3227 | D:5      | Noticed a black bear
  3228 | D:5      | Found a sparkling altar of Nemelex Xobeh.
  3235 | D:5      | Killed a black bear
  3236 | D:5      | Reached skill level 5 in Fighting
  3614 | D:5      | Found a sacrificial altar of Ru.
  3675 | D:5      | Reached XP level 7. HP: 39/61 MP: 5/8
  3689 | D:5      | Slain by a wight

Illustrated notes

Levels and vault maps discovered:
D:1:      saegor_arrival_simple_d, layout_rooms,
          shapermc_ecumenical_altar_hornbeckon, minmay_pentomino_s2
D:2:      layout_basic
D:3:      layout_basic, slow_altar_1, minmay_misc_feat_enclosed
D:4:      layout_loops_ring, temple_hall, gammafunk_ghost_arena
D:5:      layout_gridville, mainiacjoe_overflow_alcove_1, lemuel_round_altar,
          kennysheep_minor_cross, uniq_grinder, uniq_pikel

Skill      XL: |  1  2  3  4  5  6 |
---------------+-------------------+-----
Shields        | 3 |  3.7
Armour         | 3 |  3.6
Fighting       | 4 5 |  5.2
Dodging        | 1 2 |  2.1
Invocations    | 1 2 3 |  3.6
Polearms       | |  1.7

Action                   |  1- 3 |  4- 6 |  7- 9 || total
-------------------------+-------+-------+-------++-------
Melee: Trident           |   147 |   159 |     8 ||   314
Invok: Heroism           |       |     4 |       ||     4
  Use: Potion            |       |     1 |     1 ||     2
       Scroll            |       |       |     1 ||     1
Armor: Scale mail        |    58 |    39 |       ||    97
Dodge: Dodged            |    86 |    63 |    10 ||   159
Block: Buckler           |    20 |    23 |     3 ||    46

Table legend: (Time is in decaauts)
 A = Elapsed time spent in this place.
 B = Non-inter-level travel time spent in this place.
 C = Inter-level travel time spent in this place.
 D = Time resting spent in this place.
 E = Time spent auto-exploring this place.
 F = Levels seen in this place.
 G = Mean time per level.
                   A        B        C        D        E       F      G
               +--------+--------+--------+--------+--------+-----+--------+
         Total |   3768 |   3620 |    148 |    262 |   2716 |   5 |  753.6 |
       Dungeon |   3768 |   3620 |    148 |    262 |   2716 |   5 |  753.6 |
               +--------+--------+--------+--------+--------+-----+--------+

Top non-repeatable levels by time:
     D:4: 926 daAuts
     D:1: 794 daAuts
     D:2: 786 daAuts
     D:3: 779 daAuts
     D:5: 481 daAuts
